Map: Simulacrum LE

Players

Cheesus - Winner!

  • Race: Zerg Zerg
  • League: Platinum
  • Spawn Location: 5:00

ViBE

  • Race: Zerg Zerg
  • League: Platinum
  • Spawn Location: 11:00

VOD

Have the link to the VOD?

Description

Time

  • Played on: Dec. 12, 2019, 10:17 p.m.
  • Length: 12:58
Show
View Real Time Build Order
Export as new Build Order

Cheesus Zerg - Winner!

Build Orders: Hatch First, Brood Lord Corruptor, Muta Ling Bane 

Get SALT Encoding   

  12  0:01  Drone  
  13  0:14  Overlord  
  13  0:17  Drone  
  14  0:34  Drone x2  
  16  0:50  Hatchery  
  16  0:54  Drone  
  16  0:55  Drone  
  17  1:00  Drone  
  18  1:04  Extractor  
  17  1:17  Spawning Pool  
  16  1:21  Drone  
  16  1:23  Drone  
  18  1:30  Drone  
  19  1:44  Overlord  
  19  2:03  Queen  
  19  2:04  Queen  
  23  2:08  Zergling x2  
  23  2:09  Zergling x2  
  23  2:11  Drone  
  23  2:12  Metabolic Boost  
  26  2:16  Drone  
  26  2:19  Drone  
  28  2:31  Drone  
  28  2:33  Drone  
  30  2:38  Drone  
  31  2:49  Hatchery  
  30  2:52  Drone  
  30  2:53  Drone  
  32  3:04  Lair  
  32  3:06  Drone  
  32  3:09  Drone x2  
  34  3:13  Overlord  
  34  3:16  Drone  
  35  3:33  Drone x3  
  35  3:34  Drone x2  
  40  3:36  Drone  
  40  3:39  Extractor  
  40  3:44  Drone, Baneling Nest  
  40  3:45  Drone  
  41  3:51  Extractor  
  41  3:53  Zergling x6  
  43  4:03  Evolution Chamber  
  42  4:10  Drone  
  42  4:13  Extractor  
  42  4:16  Drone  
  42  4:17  Drone  
  44  4:19  Drone x2  
  46  4:26  Spire, Overlord  
  46  4:30  Drone x3  
  48  4:37  Overlord  
  48  4:38  Drone x2  
  49  4:45  Overlord  
  49  4:49  Drone  
  49  4:50  Drone x5  
  49  4:51  Overlord  
  49  4:52  Drone x2  
  55  5:02  Overlord  
  55  5:03  Drone  
  55  5:04  Zerg Melee Weapons Level 1  
  55  5:13  Drone  
  55  5:14  Drone x2  
  58  5:15  Overlord  
  58  5:23  Evolution Chamber  
  58  5:24  Extractor  
  58  5:25  Extractor  
  58  5:28  Drone x3  
  57  5:29  Drone x2  
  57  5:30  Drone  
  61  5:38  Zerg Flyer Weapons Level 1  
  61  5:39  Mutalisk x4  
  69  5:46  Mutalisk  
  69  5:47  Drone  
  69  5:48  Drone x3  
  75  5:59  Zerg Ground Armor Level 1  
  75  6:04  Drone  
  75  6:05  Drone x4  
  75  6:07  Hatchery  
  75  6:10  Centrifical Hooks  
  79  6:19  Overlord  
  79  6:26  Drone x9  
  88  6:34  Infestation Pit  
  88  6:36  Queen  
  88  6:37  Overlord x2  
  89  6:46  Overlord  
  89  6:52  Extractor, Drone  
  89  6:53  Drone x2  
  89  6:54  Extractor, Drone x3  
  90  6:55  Drone x2  
  90  7:01  Zergling x2  
  96  7:05  Zergling x6  
  96  7:06  Zergling x2, Zerg Melee Weapons Level 2  
  100  7:09  Zergling x6  
  100  7:11  Hive  
  100  7:13  Zergling x2  
  104  7:17  Zergling x4  
  106  7:32  Drone x2  
  108  7:41  Overlord  
  108  7:46  Spore Crawler  
  108  7:48  Spine Crawler  
  106  7:51  Spine Crawler, Drone x4  
  109  7:59  Baneling x3  
  109  8:00  Baneling x8  
  109  8:01  Baneling  
  109  8:13  Corruptor x4  
  109  8:14  Corruptor x4  
  109  8:15  Corruptor x2  
  129  8:23  Greater Spire  
  129  8:37  Hatchery  
  129  8:38  Extractor  
  129  8:39  Hatchery  
  129  8:40  Extractor  
  124  8:50  Overlord x4  
  124  8:53  Zerg Ground Armor Level 2  
  124  8:56  Adrenal Glands  
  124  9:00  Ultralisk Cavern  
  124  9:01  Drone x3  
  124  9:02  Drone x3  
  129  9:04  Drone x2  
  129  9:20  Overseer  
  129  9:22  Overseer x2  
  129  9:23  Pneumatized Carapace  
  129  9:26  Corruptor x4  
  129  9:28  Corruptor  
  139  9:35  Brood Lord x5  
  139  9:36  Brood Lord  
  139  9:38  Spore Crawler  
  150  9:40  Drone x3  
  150  9:41  Spine Crawler x2, Drone x7  
  150  9:44  Spine Crawler  
  150  9:45  Spore Crawler, Spine Crawler  
  156  9:47  Spine Crawler  
  156  9:48  Brood Lord  
  156  9:50  Brood Lord  
  158  9:57  Drone  
  159  10:02  Brood Lord  
  159  10:03  Brood Lord  
  163  10:14  Brood Lord  
  163  10:15  Brood Lord  
  164  10:24  Chitinous Plating  
  164  10:29  Overlord x2  
  164  10:30  Zergling x18  
  164  10:31  Zergling x12  
  179  10:42  Overlord  
  179  10:43  Overlord x2  
  179  10:53  Brood Lord  
  179  10:54  Brood Lord x2  
  185  10:57  Corruptor  
  185  10:58  Corruptor x4  
  195  11:17  Baneling x8  
  195  11:18  Baneling x15  
  195  11:55  Corruptor  
  195  11:56  Corruptor  
  197  12:15  Corruptor x4  
  183  12:16  Corruptor x4  
  151  12:54  Extractor  
  151  12:55  Extractor  
Show
View Real Time Build Order
Export as new Build Order

ViBE Zerg 

Build Orders: Hatch First, Lurkers 

Get SALT Encoding   

  12  0:01  Drone  
  13  0:12  Overlord  
  13  0:16  Drone  
  14  0:31  Drone x2  
  16  0:42  Drone  
  17  0:54  Hatchery  
  16  1:00  Drone  
  16  1:02  Drone  
  18  1:17  Spawning Pool  
  17  1:19  Drone  
  17  1:23  Drone  
  19  1:29  Drone  
  20  1:36  Extractor  
  19  1:41  Drone  
  20  1:51  Drone  
  21  2:06  Queen x2  
  21  2:08  Zergling x4  
  27  2:16  Drone  
  28  2:24  Overlord  
  28  2:29  Overlord  
  28  2:43  Drone x3  
  31  2:49  Drone x2  
  33  2:51  Queen  
  33  2:53  Lair  
  33  2:56  Drone  
  36  3:01  Roach Warren  
  36  3:02  Drone  
  36  3:07  Drone  
  36  3:17  Drone x5  
  41  3:29  Drone  
  41  3:30  Drone  
  41  3:31  Overlord  
  43  3:46  Hatchery, Overlord  
  42  3:52  Extractor x2, Drone x6  
  46  3:58  Glial Reconstitution  
  46  3:59  Evolution Chamber  
  45  4:06  Drone  
  45  4:07  Drone x2  
  45  4:08  Roach  
  52  4:10  Roach  
  52  4:20  Roach x3  
  52  4:23  Overlord  
  58  4:35  Roach  
  59  4:41  Queen  
  57  4:48  Drone  
  57  4:49  Drone x7  
  65  4:59  Queen  
  63  5:01  Drone x3  
  63  5:05  Overseer  
  68  5:09  Overlord  
  68  5:11  Zerg Missile Weapons Level 1  
  68  5:15  Drone x6  
  75  5:28  Drone  
  75  5:32  Extractor  
  75  5:33  Extractor  
  74  5:42  Drone  
  74  5:43  Drone x3  
  74  5:44  Drone x2  
  74  5:45  Drone  
  80  5:51  Spore Crawler  
  80  5:52  Spore Crawler  
  80  5:54  Spore Crawler  
  80  5:55  Drone  
  80  5:56  Drone x3  
  81  5:58  Spore Crawler  
  81  5:59  Spore Crawler  
  81  6:02  Drone  
  81  6:04  Spore Crawler x2  
  79  6:06  Spore Crawler  
  79  6:07  Spore Crawler  
  79  6:08  Hydralisk Den  
  75  6:15  Spore Crawler, Drone  
  75  6:16  Spore Crawler, Drone x4  
  78  6:22  Extractor  
  77  6:27  Evolution Chamber  
  76  6:33  Overlord x5  
  76  6:41  Lurker Den  
  75  6:52  Grooved Spines  
  75  6:54  Drone x3  
  78  6:56  Drone  
  78  6:58  Drone x3  
  82  7:01  Zerg Ground Armor Level 1  
  82  7:03  Drone x4  
  86  7:09  Zerg Missile Weapons Level 2  
  86  7:10  Spore Crawler  
  86  7:11  Spore Crawler, Hydralisk x5  
  86  7:12  Spore Crawler, Hydralisk x2  
  97  7:25  Overlord x7  
  97  7:41  Lurker  
  97  7:43  Lurker x4  
  97  7:44  Lurker  
  103  7:47  Hatchery  
  102  7:53  Lurker  
  103  8:03  Muscular Augments  
  103  8:21  Hydralisk x14  
  131  8:38  Overlord x6  
  131  8:39  Overlord  
  131  8:48  Drone x7  
  132  8:51  Drone  
  132  8:52  Drone x2  
  132  8:55  Zerg Ground Armor Level 2  
  141  8:58  Drone x4  
  141  9:02  Extractor x2, Drone  
  145  9:03  Drone  
  145  9:12  Infestation Pit  
  144  9:32  Spine Crawler  
  144  9:34  Spine Crawler  
  144  9:35  Hydralisk x16  
  144  9:38  Overseer x2  
  174  9:53  Hive  
  174  9:54  Hydralisk x5  
  174  9:55  Hydralisk  
  180  10:47  Spire  
  175  11:00  Hatchery, Drone x2  
  175  11:01  Drone  
  177  11:07  Drone x2  
  177  11:08  Spore Crawler  
  177  11:09  Spore Crawler  
  177  11:11  Drone x2  
  177  11:13  Spore Crawler, Hydralisk  
  177  11:14  Hydralisk x10  
  177  11:15  Spore Crawler  
  160  12:00  Corruptor x3  
  160  12:01  Corruptor x16  
  130  12:17  Drone x9  
Tags
 
Add a new tag
Caveats
  • Supply blocks, unpowered buildings, or Contaminate may cause inaccurate times.
  • Supply counts are checked every 10 seconds.